Map: Dreamcatcher LE

Players

Serral - Winner!

  • Race: Zerg Zerg
  • Spawn Location: 5:00

HeroMarine

  • Race: Terran Terran
  • Spawn Location: 11:00

VOD

Have the link to the VOD?

Description

Time

  • Played on: July 14, 2018, 10:39 a.m.
  • Length: 10:07
Show
View Real Time Build Order
Export as new Build Order

Serral Zerg - Winner!

Build Orders: Pool First, Swarm Host 

Get SALT Encoding   

  12  0:00  Drone  
  13  0:12  Overlord  
  13  0:16  Drone  
  14  0:31  Drone x2  
  14  0:35  Drone  
  17  0:45  Extractor, Drone  
  17  0:49  Spawning Pool  
  16  0:56  Drone  
  17  1:07  Drone  
  18  1:17  Hatchery  
  17  1:23  Drone  
  18  1:36  Queen  
  18  1:37  Zergling x2  
  21  1:44  Metabolic Boost  
  21  1:50  Overlord  
  21  1:55  Zergling x2  
  22  2:08  Drone  
  22  2:11  Drone  
  22  2:14  Queen  
  26  2:24  Drone  
  27  2:30  Drone  
  27  2:31  Queen  
  27  2:32  Drone  
  31  2:40  Zergling x2  
  32  2:45  Drone x4  
  36  2:52  Overlord  
  36  3:08  Hatchery  
  36  3:10  Drone x2  
  36  3:12  Drone  
  38  3:16  Queen  
  40  3:20  Overlord  
  40  3:23  Drone  
  40  3:25  Drone  
  42  3:27  Drone  
  42  3:31  Drone  
  44  3:40  Drone x5  
  49  3:47  Drone x3  
  52  3:54  Overlord  
  52  3:58  Overlord  
  52  4:00  Overlord  
  52  4:12  Overlord, Roach Warren, Queen  
  52  4:14  Drone x3  
  56  4:20  Drone  
  56  4:22  Spore Crawler, Queen  
  56  4:23  Zergling x2  
  59  4:27  Drone  
  59  4:28  Drone x2  
  62  4:32  Lair  
  62  4:36  Spore Crawler, Drone  
  62  4:39  Drone x2  
  62  4:42  Zergling x4  
  66  4:46  Spore Crawler, Drone  
  66  4:51  Overlord  
  66  4:53  Extractor, Drone x3  
  66  4:56  Drone  
  66  4:59  Overlord  
  68  5:07  Drone  
  68  5:08  Drone x5  
  68  5:14  Zergling x2  
  71  5:17  Zergling x2  
  72  5:22  Zergling x8  
  72  5:24  Queen  
  72  5:26  Overlord  
  78  5:30  Overseer  
  78  5:31  Overseer  
  78  5:32  Roach x4  
  86  5:38  Extractor  
  86  5:40  Extractor x2, Glial Reconstitution  
  86  5:41  Extractor, Evolution Chamber  
  86  5:42  Roach, Evolution Chamber  
  82  5:45  Overlord x2  
  82  5:51  Drone x2  
  82  5:54  Drone  
  82  5:55  Drone  
  82  5:57  Drone  
  87  6:02  Drone x2  
  89  6:06  Drone x3  
  89  6:08  Zerg Missile Weapons Level 1  
  92  6:18  Overlord  
  92  6:19  Drone x4  
  92  6:20  Drone  
  97  6:27  Drone x2  
  99  6:33  Infestation Pit  
  99  6:37  Drone x2  
  99  6:38  Overlord, Drone x3  
  103  6:42  Overlord, Pneumatized Carapace  
  103  6:43  Overlord  
  103  6:48  Overlord, Hatchery  
  102  6:55  Roach x6  
  114  7:04  Zerg Ground Armor Level 1  
  114  7:21  Extractor  
  113  7:25  Swarm Host x11  
  146  7:36  Swarm Host x2  
  152  7:43  Overlord  
  152  7:48  Spine Crawler  
  152  7:49  Spine Crawler  
  152  7:50  Drone x2  
  152  7:53  Overlord  
  152  7:54  Overlord x5  
  152  8:00  Ravager x3  
  152  8:01  Ravager x2  
  157  8:06  Roach x5  
  157  8:12  Ravager x2  
  169  8:14  Roach x2  
  173  8:21  Queen  
  173  8:22  Drone  
  173  8:25  Roach x6  
  184  8:30  Roach x2  
  178  8:36  Roach x4  
  178  8:38  Drone  
  178  8:39  Drone  
  178  8:40  Drone x2  
  190  8:43  Extractor  
  190  8:46  Ravager x4  
  193  8:52  Overseer  
  193  8:55  Hydralisk Den  
  193  9:01  Swarm Host x2  
  198  9:07  Overlord x2, Overseer  
  189  9:18  Roach x4  
  189  9:19  Roach x3  
  196  9:26  Roach x4  
  196  9:30  Roach x2  
  199  9:38  Hatchery  
Show
View Real Time Build Order
Export as new Build Order

HeroMarine Terran 

Build Orders: Reaper Expand, Hellion Banshee, Mech 

Get SALT Encoding   

  12  0:00  SCV  
  13  0:12  SCV  
  14  0:16  Supply Depot  
  14  0:24  SCV  
  15  0:38  SCV  
  15  0:40  Barracks  
  16  0:43  Refinery  
  16  0:50  SCV  
  17  1:02  SCV  
  18  1:14  SCV  
  19  1:27  Orbital Command, Reaper  
  20  1:39  Command Center  
  20  1:47  Supply Depot  
  20  1:53  SCV  
  21  1:59  Marine  
  22  2:06  SCV  
  22  2:07  Factory  
  23  2:11  Refinery  
  23  2:18  SCV  
  23  2:20  Barracks Reactor  
  24  2:30  SCV  
  25  2:42  SCV  
  26  2:52  Starport  
  26  2:54  SCV  
  27  3:01  Hellion x2  
  27  3:04  Orbital Command  
  31  3:06  SCV  
  30  3:17  Barracks Tech Lab  
  30  3:18  SCV  
  31  3:23  Hellion x2  
  35  3:30  SCV  
  35  3:31  SCV  
  37  3:36  Supply Depot  
  37  3:38  Banshee  
  37  3:39  Cloaking Field  
  40  3:44  SCV x2  
  42  3:49  Hellion  
  42  3:51  Hellion  
  46  3:58  SCV x2  
  46  3:59  Supply Depot  
  48  4:06  Marine  
  49  4:10  SCV x2  
  49  4:16  Hellion  
  53  4:21  Banshee, Hellion  
  53  4:22  SCV  
  53  4:23  Supply Depot  
  60  4:30  SCV  
  60  4:34  SCV  
  61  4:41  Supply Depot  
  61  4:44  SCV  
  62  4:46  Supply Depot, SCV  
  62  4:48  Command Center  
  63  4:58  Armory, SCV x2  
  65  5:00  Hellion x2  
  69  5:12  SCV x2  
  69  5:22  Barracks Tech Lab  
  69  5:24  SCV x2, Factory  
  69  5:27  Refinery, Factory  
  71  5:29  Refinery  
  71  5:36  SCV x2  
  71  5:37  Starport Reactor  
  73  5:45  Engineering Bay  
  73  5:46  Terran Vehicle Weapons Level 1  
  73  5:47  Engineering Bay  
  73  5:48  SCV x2  
  79  5:50  Hellion x2  
  79  5:55  Barracks Tech Lab  
  79  6:00  SCV x2  
  81  6:06  Refinery  
  81  6:12  SCV  
  81  6:13  Refinery, SCV  
  81  6:16  Siege Tank x2  
  89  6:24  SCV  
  89  6:25  SCV  
  91  6:33  Terran Infantry Weapons Level 1, Terran Infantry Armor Level 1  
  91  6:34  Orbital Command  
  91  6:36  SCV  
  91  6:37  SCV  
  93  6:40  Hellion  
  93  6:41  Hellion  
  97  6:48  Siege Tank  
  97  6:49  SCV  
  97  6:51  Supply Depot  
  105  6:54  Siege Tank, SCV  
  105  7:01  SCV  
  106  7:02  SCV  
  106  7:06  SCV  
  106  7:07  Marine  
  106  7:08  Stimpack  
  106  7:13  SCV  
  106  7:14  Starport Reactor  
  106  7:15  SCV  
  108  7:17  Infernal Pre-Igniter, Hellion x2  
  108  7:18  SCV  
  108  7:20  Siege Tank  
  116  7:25  SCV  
  116  7:29  Siege Tank, Supply Depot x2, SCV  
  121  7:30  SCV  
  122  7:37  SCV  
  122  7:41  SCV  
  122  7:42  SCV  
  122  7:43  Hellion x2  
  125  7:48  Hellion x13  
  125  7:50  SCV  
  126  7:52  Siege Tank, Barracks x2  
  126  7:53  Barracks  
  126  7:54  SCV  
  126  7:55  Barracks  
  130  8:01  Siege Tank  
  130  8:02  Starport Reactor  
  133  8:07  Supply Depot  
  133  8:08  Marine  
  133  8:09  Supply Depot  
  134  8:15  Missile Turret  
  134  8:17  Missile Turret  
  134  8:26  Factory Tech Lab  
  134  8:32  Siege Tank, Marine  
  134  8:34  Siege Tank  
  118  8:43  Barracks Reactor  
  118  8:48  Marine x3  
  118  8:52  Marine x3  
  118  8:53  Siege Tank, Marine  
  128  9:01  Medivac x2  
  129  9:04  Siege Tank, Barracks  
  129  9:05  Supply Depot  
  129  9:06  Siege Tank, Marine x3  
  138  9:10  Marine x4  
  126  9:19  Marine x2  
  126  9:24  Marine x3  
  103  9:25  Siege Tank  
  103  9:28  Marine x4  
  105  9:37  Marine x2  
  113  9:41  Marine  
  113  9:42  Marine x2  
  116  9:46  Marine x4  
Tags
 
Add a new tag
Caveats
  • Supply blocks, unpowered buildings, or Contaminate may cause inaccurate times.
  • Supply counts are checked every 10 seconds.